 Dungeon Crawl Stone Soup version 0.31.0-11-ge490571c62 (webtiles) character file.

Game seed: 11070521286872419528

945 qw the Skirmisher (level 7, -1/40 HPs)
             Began as a Deep Elf Hunter on Feb 4, 2024.
             Incinerated by a bombardier beetle (4 damage)
             ... with a burning spray
             ... on level 5 of the Dungeon.
             The game lasted 00:00:15 (3617 turns).

qw the Skirmisher (Deep Elf Hunter)                 Turns: 3617, Time: 00:00:16

Health: -1/40      AC: 11    Str: 10    XL:     7   Next: 89%
Magic:  9/9        EV: 12    Int: 14    God:
Gold:   134        SH:  0    Dex: 24    Spells: 6/6 levels left

rFire   . . .        a - +1 shortbow
rCold   . . .        (shield currently unavailable)
rNeg    . . .        d - +0 ring mail
rPois   .            h - +1 hat
rElec   .            k - +0 cloak
rCorr   +            l - +2 pair of gloves
SInv    .            g - +0 pair of boots
Will    .....        (no amulet)
Stlth   +            j - +6 ring of dexterity
HPRegen 0.26/turn    n - ring of resist corrosion
MPRegen 0.11/turn

%: no passive effects
@: on fire, glowing
A: no striking features
a: no special abilities


You were on level 5 of the Dungeon.
You visited 1 branch of the dungeon, and saw 5 of its levels.

You collected 324 gold pieces.
You spent 190 gold pieces at shops.


   Skills:
 - Level 2.2 Fighting
 - Level 11.7 Ranged Weapons
 - Level 2.0 Armour
 + Level 3.6 Dodging
 - Level 1.2 Stealth


You had 6 spell levels left.
You didn't know any spells.
Your spell library was empty.

Inventory:

Hand Weapons
 a - a +1 shortbow (weapon)
Armour
 d - a +0 ring mail (worn)
 g - a +0 pair of boots (worn)
 h - a +1 hat (worn)
 k - a +0 cloak (worn)
 l - a +2 pair of gloves (worn)
Jewellery
 b - a ring of magical power
 j - a +6 ring of dexterity (left hand)
 n - a ring of resist corrosion (right hand)
Wands
 m - a wand of roots (12)
Potions
 e - 3 potions of curing

Dungeon Overview and Level Annotations

Branches:
Dungeon (5/15)
 Temple: D:4-7

Altars:
Dithmenos
Fedhas
Gozag
Nemelex Xobeh
Qazlal
Vehumet
Wu Jian
Yredelemnul

Shops:
D:1 !   D:4 [


Message History

The bombardier beetle is lightly wounded.
You shoot an arrow. The arrow hits the bombardier beetle.
The bombardier beetle is moderately wounded.
You shoot an arrow. The arrow hits the bombardier beetle.
The bombardier beetle is heavily wounded.
The bombardier beetle sprays incendiary fluid at you.
The burning spray hits you.
You are covered in liquid fire!
You shoot an arrow.
The arrow barely misses the bombardier beetle.
The liquid fire burns you!
You shoot an arrow.
The arrow completely misses the bombardier beetle.
The liquid fire burns you!
The bombardier beetle sprays incendiary fluid at you.
The burning spray hits you.
You are even more covered in liquid fire!
You shoot an arrow.
The arrow completely misses the bombardier beetle.
The liquid fire burns you!
You shoot an arrow. The arrow hits the bombardier beetle!
You kill the bombardier beetle!
The liquid fire burns you!
You are on fire!
The liquid fire burns you!
You are on fire!
The liquid fire burns you!
You are on fire!
The liquid fire burns you!
You are on fire!
The liquid fire burns you!
You are on fire!
The liquid fire burns you!
You are on fire!
The liquid fire burns you!
You are on fire!
The liquid fire burns you!
You are on fire!
The liquid fire burns you!
You die...

...................
.............._$...
.......##.._..._.#.
.....##.......... ####
#...##._..8.._..
.#...##...##..........
...........).._..._...
..........##...._...#
..........##..@...##.
########...+...........
##.....##%..#...........
#...).......#.......%...
#...........#.....$.....
#...........#.......##..
#...........#........ #
##.....##...##.......#
#.....##...##


There were no monsters in sight!

Vanquished Creatures
  Pikel (D:5)
  A centaur (D:5)
  A scorpion (D:4)
  A vampire bat (D:4)
  3 bombardier beetles
  A jelly (D:4)
  Ijyb (D:3)
  An adder (D:4)
  2 ufetubi (D:5)
  3 ribbon worms
  2 dart slugs
  3 fire bats (D:4)
  7 orcs
  2 spectral bats (D:4)
  3 bat skeletons (D:4)
  A bat zombie (D:4)
  6 endoplasms
  5 hobgoblins
  8 jackals
  3 quokkas
  6 ball pythons
  14 bats
  A bat simulacrum (D:4)
  5 frilled lizards
  5 goblins
  5 kobolds
  5 rats
96 creatures vanquished.

Notes
Turn   | Place    | Note
-------+----------+-------------------------------------------
     0 | D:1      | qw the Deep Elf Hunter began the quest for the Orb.
     0 | D:1      | Reached XP level 1. HP: 12/12 MP: 3/3
     0 | D:1      | 0 ||| qw: Version: 0.3-a-160-g6735b56
     0 | D:1      | 0 ||| qw: Game counter: 4675
     0 | D:1      | 0 ||| qw: Melee chars always use a shield: true
     0 | D:1      | 0 ||| qw: God list: Okawaru
     0 | D:1      | 0 ||| qw: Allow faded altars: false
     0 | D:1      | 0 ||| qw: Do Orc after clearing Dungeon:15 true
     0 | D:1      | 0 ||| qw: Do second Lair branch before Depths: true
     0 | D:1      | 0 ||| qw: Lair rune preference: random
     0 | D:1      | 0 ||| qw: Goals: Normal
     0 | D:1      | 0 ||| PLANNING D:1-11
    28 | D:1      | Found a faded altar of an unknown god.
   176 | D:1      | Reached XP level 2. HP: 16/16 MP: 4/4
   190 | D:1      | Reached skill level 6 in Ranged Weapons
   215 | D:1      | Found Peik's Distillery.
   223 | D:1      | 223 ||| BUYING potion of curing (36 gold).
   223 | D:1      | Bought a potion of curing for 36 gold pieces
   223 | D:1      | 223 ||| SHOPLISTING potion of enlightenment (60 gold, have
                  | 0).
   223 | D:1      | 223 ||| SHOPLISTING potion of heal wounds (60 gold, have
                  | 0).
   223 | D:1      | 223 ||| SHOPLISTING potion of might (48 gold, have 0).
   223 | D:1      | 223 ||| SHOPLISTING potion of resistance (120 gold, have
                  | 0).
   919 | D:1      | 919 ||| UPGRADING to +0 ring mail.
   929 | D:1      | 929 ||| DROPPING +0 leather armour.
   930 | D:1      | 930 ||| UPGRADING to +0 pair of boots.
   935 | D:1      | 935 ||| READING scroll labelled PANOAG FODY.
   935 | D:1      | 935 ||| ENCHANTING +0 shortbow.
   936 | D:1      | 936 ||| DROPPING scroll of butterflies.
  1144 | D:2      | Reached XP level 3. HP: 20/20 MP: 5/5
  1181 | D:2      | Reached skill level 7 in Ranged Weapons
  1217 | D:2      | Found an opulent altar of Gozag.
  1267 | D:2      | Reached XP level 4. HP: 25/25 MP: 6/6
  1512 | D:2      | 1512 ||| UPGRADING to +0 cloak.
  1517 | D:2      | 1517 ||| UPGRADING to +0 pair of gloves.
  1522 | D:2      | 1522 ||| UPGRADING to +6 ring of dexterity.
  1523 | D:2      | 1523 ||| READING scroll labelled XAUNEXKEGA COLOPH.
  1523 | D:2      | 1523 ||| ENCHANTING +0 pair of gloves.
  1524 | D:2      | 1524 ||| READING scroll labelled QAN NYOLOD.
  1524 | D:2      | 1524 ||| IDENTIFYING viscous puce potion
  1525 | D:2      | 1525 ||| DROPPING potion of brilliance.
  1808 | D:3      | Noticed Ijyb
  1815 | D:3      | Killed Ijyb
  1816 | D:3      | Reached skill level 8 in Ranged Weapons
  1854 | D:3      | Reached skill level 3 in Dodging
  1854 | D:3      | Reached XP level 5. HP: 29/29 MP: 7/7
  2324 | D:3      | 2324 ||| UPGRADING to ring of resist corrosion.
  2325 | D:3      | 2325 ||| READING scroll labelled NOCOLA JAOMYF.
  2326 | D:3      | 2326 ||| READING scroll labelled OWYHIA CIVUR.
  2327 | D:3      | 2327 ||| READING scroll labelled SUNLIL KEVAEWN.
  2329 | D:3      | 2329 ||| Stepping ~*~*~tactically~*~*~ (cloud).
  2336 | D:3      | HP: 7/29 [poisoned by you (poison gas)]
  2796 | D:4      | Found Rueril's Armour Shoppe.
  2800 | D:4      | 2800 ||| BUYING +1 hat (154 gold).
  2800 | D:4      | Bought a +1 hat for 154 gold pieces
  2800 | D:4      | 2800 ||| SHOPLISTING +7 ice dragon scales of the Sky {rF-
                  | rC++ Will+} (1474 gold, have 63).
  2869 | D:4      | 2869 ||| READING scroll of enchant armour.
  2869 | D:4      | 2869 ||| ENCHANTING +1 pair of gloves.
  3109 | D:4      | 3109 ||| RETREEEEATING.
  3110 | D:4      | 3110 ||| RETREEEEATING.
  3111 | D:4      | 3111 ||| RETREEEEATING.
  3115 | D:4      | Reached XP level 6. HP: 34/34 MP: 8/8
  3147 | D:4      | Reached skill level 9 in Ranged Weapons
  3420 | D:4      | 3420 ||| UPGRADING to +1 hat.
  3425 | D:4      | 3425 ||| READING 2 scrolls of identify.
  3425 | D:4      | 3425 ||| IDENTIFYING grey potion
  3426 | D:4      | 3426 ||| READING scroll of identify.
  3426 | D:4      | 3426 ||| IDENTIFYING orange potion
  3427 | D:4      | 3427 ||| READING scroll labelled NUATRYSIGE.
  3428 | D:4      | 3428 ||| DROPPING potion of lignification.
  3429 | D:4      | 3429 ||| DROPPING potion of magic.
  3451 | D:5      | Entered Level 5 of the Dungeon
  3554 | D:5      | Found a basalt altar of Yredelemnul.
  3556 | D:5      | Found a blossoming altar of Fedhas.
  3556 | D:5      | Found an ornate altar of the Wu Jian Council.
  3557 | D:5      | Found a sparkling altar of Nemelex Xobeh.
  3559 | D:5      | Found a radiant altar of Vehumet.
  3559 | D:5      | Found a shadowy altar of Dithmenos.
  3559 | D:5      | Found an opulent altar of Gozag.
  3559 | D:5      | Noticed Pikel
  3560 | D:5      | 3560 ||| RETREEEEATING.
  3576 | D:5      | Killed Pikel
  3577 | D:5      | Reached skill level 11 in Ranged Weapons
  3577 | D:5      | Reached XP level 7. HP: 35/40 MP: 9/9
  3597 | D:5      | Found a stormy altar of Qazlal.
  3615 | D:5      | HP: 7/40 [burnt (4)]
  3616 | D:5      | HP: 3/40 [burnt (5)]
  3617 | D:5      | Incinerated by a bombardier beetle

Levels and vault maps discovered:
D:1:      mrwooster_arrival_statue_2, layout_basic, serial_shops, shop,
          serial_forest, infiniplex_forest_lined_3_way, infiniplex_forest_end_1,
          infiniplex_forest_corner_1, infiniplex_forest_pool,
          infiniplex_forest_lined_room_3, ebering_ecumenical_altar_mist
D:2:      layout_rooms, basic_altar
D:3:      layout_basic, uniq_ijyb
D:4:      layout_loops_ring, serial_shops, shop, goddamned_bats
D:5:      layout_gridville, grunt_temple_overflow_open,
          minmay_temple_entry_offerings, uniq_pikel

Skill      XL: |  1  2  3  4  5  6 |
---------------+-------------------+-----
Ranged Weapons | 6 7 8 11 | 11.7
Dodging        | 3 |  3.6
Armour         | 2 |  2.0
Fighting       | 2 |  2.2
Stealth        | |  1.2

Action                     |  1- 3 |  4- 6 |  7- 9 || total
---------------------------+-------+-------+-------++-------
   Fire: Shortbow          |    81 |   204 |     9 ||   294
    Use: Scroll            |     1 |     9 |       ||    10
 Armour: Leather armour    |     3 |       |       ||     3
         Ring mail         |     9 |    96 |       ||   105
  Dodge: Dodged            |    12 |   116 |       ||   128

Table legend:
 A = Non-vault XP
 B = Vault XP
 C = Vault XP percentage of total XP
 D = Non-vault monster count
 E = Vault monster count
 F = Vault count percentage of total count
                 A         B        C        D         E       F
            +---------+---------+-------+---------+---------+-------
      Total |     527 |     824 |  61.0 |      74 |      22 |  22.9
            +---------+---------+-------+---------+---------+-------
        D:1 |      29 |       0 |   0.0 |      19 |       0 |   0.0
        D:2 |      82 |       0 |   0.0 |      19 |       0 |   0.0
        D:3 |      74 |      36 |  32.7 |      17 |       1 |   5.6
        D:4 |     162 |     171 |  51.4 |      13 |      20 |  60.6
        D:5 |     180 |     617 |  77.4 |       6 |       1 |  14.3
            +---------+---------+-------+---------+---------+-------
